 Dungeon Crawl Stone Soup version 0.32-a0-42-ga30500b4d3 (webtiles) character file.

Game seed: 17464133386154282688

39 cforsyth the Magician (level 3, -1/28 (29) HPs)
             Began as a Djinni Reaver on Jan 28, 2024.
             Slain by a quokka (3 damage)
             ... on level 1 of the Dungeon.
             The game lasted 00:02:10 (433 turns).

cforsyth the Magician (Djinni Reaver)                Turns: 433, Time: 00:02:11

HP:   -1/28 (29)    AC:  3    Str: 11    XL:     3   Next: 67%
Gold: 27            EV: 12    Int: 16    God:
                    SH:  0    Dex: 11

rFire   + + .        a - +0 short sword
rCold   x . .        (no shield)
rNeg    . . .        b - +0 leather armour
rPois   ∞            (no helmet)
rElec   .            (no cloak)
rCorr   .            (no gloves)
SInv    .            (boots unavailable)
Will    .....        (no amulet)
Stlth   +            (no ring)
HPRegen 0.24/turn    (no ring)
MPRegen 0.00/turn

%: infuse magic (-2 HP)
@: flying, hasted, lightly drained, very quick
A: sickness immunity, fire resistance 2, cold vulnerability 1, float, innate
caster, HP casting, extra vitality 1
a: no special abilities


You were on level 1 of the Dungeon.
You visited 1 branch of the dungeon, and saw 2 of its levels.

You collected 27 gold pieces.

Inventory:

Hand Weapons
 a - a +0 short sword (weapon)
Armour
 b - a +0 leather armour (worn)


   Skills:
 + Level 2.4 Fighting
 + Level 3.0 Short Blades
 + Level 2.7 Dodging
 + Level 3.1 Spellcasting
 + Level 3.1 Conjurations
 + Level 3.1 Hexes
 + Level 3.1 Summonings
 + Level 3.1 Necromancy
 + Level 3.1 Translocations
 + Level 3.1 Fire Magic
 + Level 3.1 Ice Magic
 + Level 3.1 Air Magic
 + Level 3.1 Earth Magic
 + Level 3.1 Alchemy


You knew the following spells:

 Your Spells              Type           Power      Damage    Failure   Level
a - Kiss of Death         Conj/Necr      48%        2d9       7%          1
b - Momentum Strike       Conj/Tloc      24%        3d8       10%         2
c - Hailstorm             Conj/Ice       12%        3d6       21%         3
d - Summon Small Mammal   Summ           48%        N/A       7%          1
Your spell library was empty.

Dungeon Overview and Level Annotations

Branches:
Dungeon (2/15)

Altars:


Innate Abilities, Weirdness & Mutations

You are immune to sickness and miasma.
You are immune to poison.
Your flesh is very heat resistant. (rF++)
You are vulnerable to cold. (rC-)
You float through the air rather than walking.
You learn spells naturally, not from books.
Your magical power is your life essence.
You have superior vitality. (+4 MHP)


Message History

You hit the gnoll.
You kill the gnoll!
It was a potion of haste.
You feel yourself speed up.
You swap places.
Things that are here:
a +0 club; a gnoll corpse Your bat closely misses the gnoll.
There is a stone staircase leading up here.
You fly upwards.
The ball python hisses angrily.
There is a stone staircase leading down here.
A ball python is nearby!
The kobold shouts!
Casting: Momentum Strike (safe; 10% risk of failure)
Confirm with . or Enter, or press ? or * to list all spells.
Aiming: Momentum Strike (safe; 10% risk of failure)
Press: ? - help, Dir - move target, f - goblin
Aim: a goblin, wielding a +0 club (64% to hit)
The concentrated momentum misses the goblin.
* * * LOW HITPOINT WARNING * * *
Casting: Momentum Strike (safe; 10% risk of failure)
Confirm with . or Enter, or press ? or * to list all spells.
Aiming: Momentum Strike (safe; 10% risk of failure)
Press: ? - help, Dir - move target, f/p - goblin
Aim: a goblin, wielding a +0 club (64% to hit)
The concentrated momentum misses the goblin.
* * * LOW HITPOINT WARNING * * *
You aren't carrying any potions.
You aren't carrying any scrolls.
You hit the goblin.
The goblin is heavily wounded.
You hit the goblin.
You kill the goblin!
The kobold throws a stone.
The stone barely misses you.
Unknown command.
The frilled lizard hisses angrily.
Things that are here:
a +0 club; a goblin corpse The quokka attacks as it pursues you!
The quokka bites you.
You die...

..$..## #.#...##...
.......
#....###.#........
......
##....##.#.#######
..... #...>......# #
...# #..........# #
..# #.##....$..# #
♣♣♣ ##.##
#.######.#.# #
♣~~~~#...# #.# #S#.#
# ~P~~P~.>.###@##
#.#.#
~~.~........r.##
#.#..
...........lK..#
#.###
..............)# #.#
..~~.~~♣♣♣...#S####.#
P~~~P~~~~~~###......#
~P~~P~~~~P~♣ ########
P~~~≈≈P~~~♣# ≈~~P~~♣♣


You could see a quokka, a ball python, a kobold and a frilled lizard.

Vanquished Creatures
  2 gnolls (D:2)
  An adder (D:2)
  A bat (D:2)
  An endoplasm (D:2)
  2 goblins
  A hobgoblin (D:1)
  2 ball pythons
  A frilled lizard (D:1)
  A rat (D:1)
12 creatures vanquished.

Notes
Turn   | Place    | Note
-------+----------+-------------------------------------------
     0 | D:1      | cforsyth the Djinni Reaver began the quest for the Orb.
     0 | D:1      | cforsyth set off with the following spells memorised: Kiss
                  | of Death, Momentum Strike, Hailstorm.
     0 | D:1      | Reached XP level 1. HP: 18/18 MP: 0/0
   125 | D:2      | Reached XP level 2. HP: 13/23 MP: 0/0
   182 | D:2      | Found a faded altar of an unknown god.
   389 | D:2      | Reached XP level 3. HP: 25/26 MP: 0/0
   389 | D:2      | Learned a level 1 spell: Summon Small Mammal
   400 | D:2      | HP: 1/26 [gnoll/+0 halberd (13)]
   433 | D:1      | Slain by a quokka

Illustrated notes

Levels and vault maps discovered:
D:1:      minmay_arrival_radiant_lines, layout_loops_ring, serial_bayou_ford_a
D:2:      minmay_chambers_of_twos, layout_basic, ebering_ecumenical_altar_hall,
          minmay_misc_feat_more_columns

Skill      XL: |  1  2 |
---------------+-------+-----
Spellcasting   | 3 |  3.1
Conjurations   | 3 |  3.1
Hexes          | 3 |  3.1
Summonings     | 3 |  3.1
Necromancy     | 3 |  3.1
Translocations | 3 |  3.1
Fire Magic     | 3 |  3.1
Ice Magic      | 3 |  3.1
Air Magic      | 3 |  3.1
Earth Magic    | 3 |  3.1
Alchemy        | 3 |  3.1
Short Blades   | 3 |  3.0
Fighting       | |  2.4
Dodging        | |  2.7

Action                     || total
---------------------------++-------
  Melee: Short sword       ||    35
   Cast: Momentum Strike   ||     6
         Kiss of Death     ||     1
         Summon Small Mamm ||     2
    Use: Potion            ||     1
 Armour: Leather armour    ||    24
  Dodge: Dodged            ||    28

Table legend: (Time is in decaauts)
 A = Elapsed time spent in this place.
 B = Non-inter-level travel time spent in this place.
 C = Inter-level travel time spent in this place.
 D = Time resting spent in this place.
 E = Time spent auto-exploring this place.
 F = Levels seen in this place.
 G = Mean time per level.
                   A        B        C        D        E       F      G
               +--------+--------+--------+--------+--------+-----+--------+
         Total |    418 |    418 |      0 |      0 |    255 |   2 |  209.0 |
       Dungeon |    418 |    418 |      0 |      0 |    255 |   2 |  209.0 |
               +--------+--------+--------+--------+--------+-----+--------+

Top non-repeatable levels by time:
     D:2: 293 daAuts
     D:1: 125 daAuts
